 Dungeon Crawl Stone Soup version 0.31.0-32-g396128a36d (webtiles) character file.

Game seed: 17007913490090840518

602 adizb the Sneak (level 7, -4/46 HPs)
             Began as a Vampire Brigand on Mar 19, 2024.
             Was a Follower of Wu Jian.
             Slain by a gnoll
             ... wielding a +2 heavy halberd
             ... led by a gnoll bouda
              (7 damage)
             ... on level 5 of the Dungeon.
             The game lasted 00:27:25 (3726 turns).

adizb the Sneak (Vampire Brigand)                   Turns: 3726, Time: 00:27:26

Health: -4/46      AC:  4    Str:  8 (10) XL:     7   Next: 18%
Magic:  7/7        EV: 12    Int: 11 (13) God:    Wu Jian [*.....]
Gold:   242        SH:  5    Dex: 16 (18) Spells: 6/6 levels left

rFire   . . .        j - +2 dagger (elec)
rCold   . . .        (no shield)
rNeg    . . .        A - +0 leather armour
rPois   .            (no helmet)
rElec   .            o - +0 cloak
rCorr   .            (no gloves)
SInv    +            (no boots)
Will    .....        p - amulet of reflection
Stlth   ++++         l - ring of flight
HPRegen 0.47/turn    (no ring)
MPRegen 0.10/turn

%: reflection
@: weakened, flying, healing quickly
A: alive, fangs 3, see invisible, vampiric 2, [frail 1]
a: Exsanguinate, Renounce Religion


You were on level 5 of the Dungeon.
You worshipped Wu Jian.
Wu Jian was aware of your devotion.
You visited 1 branch of the dungeon, and saw 5 of its levels.

You collected 242 gold pieces.

Inventory:

Hand Weapons
 a - a +2 dagger
 i - a +2 dagger of venom
 j - a +2 dagger of electrocution (weapon)
Missiles
 d - 18 poisoned darts (quivered)
 e - 3 curare-tipped darts
 t - 5 javelins
 x - 6 boomerangs
Armour
 c - a +0 cloak
 o - a +0 cloak (worn)
 A - a +0 leather armour (worn)
Jewellery
 l - a ring of flight (left hand)
 p - an amulet of reflection (around neck)
 v - an amulet of the acrobat
Wands
 r - a wand of charming (7)
Scrolls
 b - a scroll of fear {unknown}
 g - 2 scrolls of vulnerability
 w - a scroll of torment {unknown}
 y - a scroll of teleportation {unknown}
Potions
 f - a potion of degeneration {unknown}
 h - a potion of cancellation
 k - 2 potions of curing {unknown}
 m - 2 potions of might {unknown}
 n - a potion of lignification {unknown}
 q - 2 potions of ambrosia {unknown}
 s - a potion of haste {unknown}
 u - a potion of attraction {unknown}
 z - a potion of berserk rage {unknown}


   Skills:
 + Level 3.2 Fighting
 * Level 4.4 Short Blades
 + Level 2.8 Throwing
 + Level 3.2 Dodging
 + Level 7.6 Stealth
 + Level 3.1 Unarmed Combat


You had 6 spell levels left.
You didn't know any spells.
Your spell library contained the following spells:

 Spells                   Type           Power      Damage    Failure   Level
 Scorch                   Fire           0%         2d5       61%         2
 Flame Wave               Conj/Fire      0%         2d4       99%         4
 Summon Cactus Giant      Summ           0%         N/A       100%        6


Dungeon Overview and Level Annotations

Branches:
Dungeon (5/15)             Temple (0/1) D:4

Altars:
Ashenzari
Dithmenos
Kikubaaqudgha
Nemelex Xobeh
Okawaru
Qazlal
Ru
Sif Muna
Wu Jian


Innate Abilities, Weirdness & Mutations

Your natural rate of healing is accelerated.
You have razor-sharp teeth.
You have supernaturally acute eyesight. (SInv)
You are afflicted with vampirism and can become a bat while bloodless.
[You are frail. (-10% HP)]


Message History

You kill the gnoll!
The Council accepts your kill.
The gnoll hits you from afar with a +0 spear.
You lunge at the gnoll, in a flurry of attacks.
You hit the gnoll but do no damage. You barely miss the gnoll.
You block the gnoll's attack.
Things that are here:
a +0 club; a gnoll corpse You hit the gnoll.
The gnoll is heavily wounded.
You barely miss the gnoll.
The gnoll is heavily wounded.
You block the gnoll's attack.
You hit the gnoll but do no damage. Lightning courses through the gnoll!
You kill the gnoll!
The Council accepts your kill.
You see here a +0 spear.
A gnoll is nearby!
A gnoll bouda comes into view. It is wielding a +0 club.
Found a stone staircase leading up.
The gnoll bouda shouts!
The gnoll bouda barks out a call to the hunt!
The gnoll picks up the pace!
The gnoll shouts!
You lunge at the gnoll bouda.
You hit the gnoll bouda.
The gnoll bouda is lightly wounded.
The gnoll bouda gazes fiercely through you!
You feel your attacks grow feeble.
The gnoll bouda hits you with a +0 club.
The gnoll hits you from afar with a +2 heavy halberd!!
The gnoll bouda attacks as it pursues you!
The gnoll bouda hits you with a +0 club!
* * * LOW HITPOINT WARNING * * *
Okay, then.
Okay, then.
You closely miss the gnoll bouda.
The gnoll bouda hits you with a +0 club!
* * * LOW HITPOINT WARNING * * *
The gnoll hits you from afar with a +2 heavy halberd!
You die...

#..# .#
#.)########.#
#...))......#
#######
#.####..#####
....... ...#
#..# #######
#### #..#
#..# #..#
#@.#
####g.### $#
#...g...# #.#
#.......#
#.......#
...........#
#
####.......#
#.......#
#......<#


You could see a gnoll bouda and a gnoll (swift).

Vanquished Creatures
  2 scorpions (D:4)
  A bombardier beetle (D:5)
  2 hounds
  2 orc priests (D:5)
  Terence (D:2)
  2 orc wizards (D:3)
  6 adders
  10 gnolls
  A shadow imp (D:5)
  A white imp (D:5)
  4 dart slugs
  A ribbon worm (D:3)
  5 orcs
  4 bats
  4 endoplasms
  5 giant cockroaches
  7 hobgoblins
  3 jackals (D:2)
  4 kobolds (D:4)
  2 quokkas
  14 ball pythons
  5 frilled lizards
  7 goblins
  6 rats
99 creatures vanquished.

Vanquished Creatures (others)
  A gnoll (D:2)
1 creature vanquished.

Grand Total: 100 creatures vanquished

Notes
Turn   | Place    | Note
-------+----------+-------------------------------------------
     0 | D:1      | adizb the Vampire Brigand began the quest for the Orb.
     0 | D:1      | Reached XP level 1. HP: 16/16 MP: 1/1
    42 | D:1      | Found a faded altar of an unknown god.
   109 | D:1      | Reached XP level 2. HP: 22/22 MP: 2/2
   192 | D:1      | Reached skill level 6 in Stealth
   396 | D:1      | Reached skill level 1 in Unarmed Combat
   511 | D:1      | Gained mutation: You are afflicted with vampirism and can
                  | become a bat while bloodless. [Vampire growth]
   511 | D:1      | Reached XP level 3. HP: 23/27 MP: 3/3
  1117 | D:2      | Reached XP level 4. HP: 29/33 MP: 4/4
  1564 | D:2      | Noticed Terence
  1567 | D:2      | Killed Terence
  1718 | D:3      | Reached XP level 5. HP: 39/39 MP: 5/5
  1745 | D:3      | Found a faded altar of an unknown god.
  1747 | D:3      | Found a sacrificial altar of Ru.
  1837 | D:3      | Found an ancient bone altar of Kikubaaqudgha.
  1877 | D:3      | Found an ornate altar of the Wu Jian Council.
  1892 | D:3      | Became a worshipper of the Wu Jian Council
  1992 | D:3      | Found a shadowy altar of Dithmenos.
  2237 | D:4      | Found a staircase to the Ecumenical Temple.
  2252 | D:4      | Reached skill level 7 in Stealth
  2252 | D:4      | Reached XP level 6. HP: 36/36 MP: 6/6
  2809 | D:4      | Found an iron altar of Okawaru.
  2814 | D:4      | Found a shimmering blue altar of Sif Muna.
  2817 | D:4      | Found a sparkling altar of Nemelex Xobeh.
  2818 | D:4      | Found a stormy altar of Qazlal.
  2824 | D:4      | Found a broken altar of Ashenzari.
  2930 | D:4      | Reached * piety under Wu Jian
  3129 | D:5      | Entered Level 5 of the Dungeon
  3467 | D:5      | Reached XP level 7. HP: 28/41 MP: 7/7
  3726 | D:5      | Slain by a gnoll

Illustrated notes

Levels and vault maps discovered:
D:1:      lightli_arrival_statue_moat, layout_basic,
          shapermc_ecumenical_altar_pompeii, hangedman_abyss_or_decor_stabs
D:2:      layout_basic, nicolae_elevator_lobby_asterisk, uniq_terence
D:3:      layout_rooms, mainiacjoe_overflow_small_starburst,
          mainiacjoe_overflow_cross_hatched, nicolae_overflow_ecumenical_swirl,
          overflow_temple_1_default
D:4:      layout_basic, nicolae_overflow_hallway_of_the_gods,
          minmay_temple_entry_gardened_gates
D:5:      layout_loops_ring

Skill      XL: |  1  2  3  4  5  6  7 |
---------------+----------------------+-----
Stealth        | 6 7 |  7.6
Fighting       | 2 3 |  3.2
Unarmed Combat | 1 2 3 |  3.1
Dodging        | 2 3 |  3.2
Throwing       | 2 |  2.8
Short Blades   | 3 4 |  4.4

Action                     |  1- 3 |  4- 6 |  7- 9 || total
---------------------------+-------+-------+-------++-------
  Melee: Dagger            |    85 |   115 |    23 ||   223
         Bite              |     7 |    15 |     2 ||    24
         Punch             |       |     3 |       ||     3
         Unarmed           |       |       |     3 ||     3
  Throw: Dart              |    25 |    14 |       ||    39
         Throwing net      |       |     1 |       ||     1
Ability: Lunge             |       |    13 |     5 ||    18
         Exsanguinate      |       |     1 |       ||     1
         Whirlwind         |       |       |     2 ||     2
         End Transformatio |       |       |     1 ||     1
         Bat Form          |       |       |     1 ||     1
         Revivify          |       |       |     1 ||     1
  Evoke: Wand              |       |     1 |       ||     1
    Use: Scroll            |     3 |     1 |       ||     4
   Stab: Sleeping          |     8 |    23 |       ||    31
         Distracted        |       |       |     2 ||     2
 Armour: Robe              |    25 |    28 |       ||    53
         Leather armour    |       |       |     9 ||     9
         Skin              |       |       |     3 ||     3
  Dodge: Dodged            |    37 |    32 |     4 ||    73
  Block: Other             |     1 |    13 |     5 ||    19
